 Seeded DCSS version 0.29.1-14-g9c671dbff4 (webtiles) character file.

Game seed: 2753461402550406609 (custom seed)

68 Mickster the Trooper (level 3, -7/36 HPs)
             Began as a Demigod Wanderer on Feb 19, 2023.
             Killed by divine providence
             ... invoked by an orc priest
              (13 damage)
             ... on level 3 of the Dungeon.
             The game lasted 00:24:58 (1549 turns).

Mickster the Trooper (Demigod Wanderer)             Turns: 1549, Time: 00:25:03

Health: -7/36      AC:  7    Str: 22    XL:     3   Next: 73%
Magic:  5/5        EV: 10    Int: 12    God:
Gold:   93         SH:  0    Dex: 10    Spells: 2/2 levels left

rFire   . . .      SeeInvis .   a - +4 dagger
rCold   . . .      Faith    .   (no shield)
rNeg    . . .      Spirit   .   j - +0 ring mail
rPois   .          Reflect  .   (no helmet)
rElec   .          Harm     .   (no cloak)
rCorr   .          Rampage  .   k - +1 pair of gloves
Will    .....                   (no boots)
Stlth   ..........              (no amulet)
HPRegen 0.12/turn               (no ring)
MPRegen 0.09/turn               (no ring)

@: no status effects
A: high MP 1, forlorn, divine attributes
a: no special abilities


You were on level 3 of the Dungeon.
You visited 1 branch of the dungeon, and saw 3 of its levels.

You collected 93 gold pieces.

Inventory:

Hand Weapons
 a - a +4 dagger (weapon)
 c - a +1 mace
 h - a +0 flail
Missiles
 f - 2 poisoned darts
 g - 2 throwing nets
 m - 2 stones
 n - 2 curare-tipped darts (quivered)
Armour
 e - a +0 leather armour
 j - a +0 ring mail (worn)
 k - a +1 pair of gloves (worn)
Magical Staves
 l - a staff of cold
Wands
 b - a wand of digging (3)
Scrolls
 d - a scroll of teleportation
 i - a scroll of identify


   Skills:
 + Level 5.2 Fighting
 * Level 1.5 Short Blades
 - Level 2.0 Maces & Flails
 + Level 2.8 Throwing
 + Level 0.2 Armour
 + Level 0.4 Dodging


You had 2 spell levels left.
You didn't know any spells.
Your spell library contained the following spells:

 Spells                   Type           Power      Damage    Failure   Level
 Ignite Poison            Fire/Tmut/Pois 0%         N/A       85%         3
 Mephitic Cloud           Conj/Pois/Air  0%         N/A       85%         3
 Freezing Cloud           Conj/Ice/Air   0%         6-21      100%        5


Dungeon Overview and Level Annotations

Branches:
Dungeon (3/15)


Innate Abilities, Weirdness & Mutations

You have an increased reservoir of magic. (+10% MP)
You shall have no god before yourself.
Your divine heritage dramatically boosts your attributes as you level up.


Message History

2 orcs, an orc wizard and 2 orc priests come into view.
The orc shouts! x2; The orc wizard shouts!
The orc wizard mumbles some strange words.
The orc wizard flickers and vanishes!
Deactivating autopickup; reactivate with Ctrl-A.
The orc hits you from afar with a +0 trident.
The orc priest attacks as you move away!
The orc priest hits you but does no damage.
The orc hits you but does no damage.
The orc priest attacks as you move away!
The orc priest barely misses you.
The orc priest casts a cantrip, but nothing happens.
The orc priest calls down the wrath of Beogh upon you.
Pain shoots through your body! The orc priest barely misses you.
The orc hits you from afar with a +0 trident.
You hit the orc priest but do no damage.
The orc priest calls down the wrath of Beogh upon you.
Beogh smites you!
* * * LOW HITPOINT WARNING * * *
The orc priest begins to cast a cantrip, but forgets the words!
The orc misses you.
You hit the orc priest.
The orc priest is moderately wounded.
The orc priest invokes the aid of Beogh against you.
You barely resist.
You hit the orc priest but do no damage.
The orc priest is moderately wounded.
The orc priest hits you but does no damage.
Throw: 3 darts (curare)
Press: ? - help, Q - select action, (/) - cycle Shift-Dir - straight line, f - orc priest
Aim: an orc priest, wielding a +0 club and wearing a +0 ring mail (moderately wounded, 63% to hit)
You throw a curare-tipped dart.
The curare-tipped dart hits the orc priest.
The orc priest is poisoned.
The orc priest convulses.
The orc priest seems to slow down.
The orc priest is almost dead.
The orc priest invokes the aid of Beogh against you.
Beogh smites you!
You die...

#. ..# #. #.# #. #.#
#. #.# # ##. ##.##.#
##.. ....
.###...####.#
.......ooo@.#
.#.....o{#..#
#.#...#.#.##
#.......#.# #####
#.......#.# ##...##
#.......#.###.....#
#.#...#.#........ยง#
#.......#.###.....#
#.# #.....#


You could see 2 orc priests and 2 orcs.

Vanquished Creatures
  Ijyb (D:3)
  A gnoll (D:1)
  A worm (D:2)
  A dart slug (D:1)
  2 bats
  3 endoplasms
  3 hobgoblins
  4 kobolds
  4 quokkas
  2 ball pythons
  3 frilled lizards
  2 goblins
  3 rats
30 creatures vanquished.

Notes
Turn   | Place    | Note
-------+----------+-------------------------------------------
     0 | D:1      | Mickster the Demigod Wanderer began the quest for the Orb.
     0 | D:1      | Mickster set off with the following items: a +3 dagger, 4
                  | curare-tipped darts, a +0 mace, a scroll of teleportation,
                  | a +0 leather armour.
     0 | D:1      | Reached XP level 1. HP: 22/22 MP: 3/3
   208 | D:1      | Reached XP level 2. HP: 27/28 MP: 4/4
   370 | D:1      | Reached skill level 5 in Fighting
   824 | D:2      | Reached XP level 3. HP: 22/36 MP: 5/5
  1482 | D:3      | Noticed Ijyb
  1513 | D:3      | Killed Ijyb
  1514 | D:3      | Reached skill level 1 in Short Blades
  1549 | D:3      | Killed from afar by an orc priest

Illustrated notes

Levels and vault maps discovered:
D:1:      dpeg_arrival_shelter, layout_loops_ring
D:2:      layout_basic, ebering_ecumenical_altar_ruins
D:3:      cheibrodos_pilgrimage, layout_loops_ring, serial_shops, shop, shop,
          shop_coins, shop, st_stairs_10, minmay_surrounded, uniq_ijyb,
          uniq_sigmund, uniq_robin

Skill      XL: |  1  2  3 |
---------------+----------+-----
Fighting       | 5 |  5.2
Maces & Flails | 2 |  2.0
Short Blades   | 1 |  1.5
Throwing       | |  2.8
Armour         | |  0.2
Dodging        | |  0.4

Action                   || total
-------------------------++-------
Melee: Dagger            ||    51
       Mace              ||    48
       Punch             ||     1
Throw: Dart              ||    16
  Use: Scroll            ||     6
       Potion            ||     2
Armor: Leather armour    ||    14
       Ring mail         ||    23
Dodge: Dodged            ||    44
